 Dungeon Crawl Stone Soup version 0.28.0-53-g5a82cb258f (webtiles) character file.

Game seed: 5227602374404909954

52 Atelerd the Digger (level 3, 0/22 HPs)
             Began as an Octopode Earth Elementalist on June 6, 2022.
             Slain by an iguana (13 damage)
             ... on level 2 of the Dungeon.
             The game lasted 00:01:17 (1590 turns).

Atelerd the Digger (Octopode Earth Elementalist)    Turns: 1590, Time: 00:01:17

Health: 0/22       AC:  1    Str:  7    XL:     3   Next: 85%
Magic:  6/6        EV: 13    Int: 19    God:
Gold:   23         SH:  0    Dex: 12    Spells: 5/6 levels left

rFire   . . .      SeeInvis .   f - +0 dagger
rCold   . . .      Faith    .   (no shield)
rNeg    . . .      Spirit   .   (helmet restricted)
rPois   .          Reflect  .   (no amulet)
rElec   .          Harm     .   (no ring)
rCorr   .          Rampage  .   (no ring)
Will    .....                   (no ring)
Stlth   +++.......              (no ring)
HPRegen 0.07/turn               (no ring)
MPRegen 0.10/turn               (no ring)
                                (no ring)
                                (no ring)

@: no status effects
A: almost no armour, amphibious, 8 rings, camouflage 1, gelatinous body 1,
(nimble swimmer 1), tentacles
a: no special abilities


You were on level 2 of the Dungeon.
You visited 1 branch of the dungeon, and saw 2 of its levels.

You collected 23 gold pieces.

Inventory:

Hand Weapons
 f - a +0 dagger (weapon)
Missiles
 b - 62 stones
Scrolls
 a - a scroll of blinking {unknown}
 c - a scroll of summoning {unknown}
 e - a scroll of fog {unknown}
Potions
 d - a potion of degeneration {unknown}
 g - a potion of invisibility {unknown}
 h - a potion of berserk rage {unknown}
 i - a potion of magic {unknown}
 j - a potion of attraction {unknown}


   Skills:
 - Level 0.5 Fighting
 - Level 2.0 Dodging
 + Level 3.1 Stealth
 + Level 2.2 Spellcasting
 + Level 1.2 Transmutations
 + Level 4.1 Earth Magic


You had 5 spell levels left.
You knew the following spells:

 Your Spells              Type           Power      Damage    Failure   Level
a - Sandblast             Erth           34%        2d9       3%          1

Your spell library contained the following spells:

 Spells                   Type           Power      Damage    Failure   Level
 Passwall                 Tmut/Erth      10%        N/A       9%          2
 Animate Skeleton         Necr           4%         N/A       17%         1
 Magic Dart               Conj           8%         1d3       17%         1
 Pain                     Necr           8%         1d4       17%         1
 Stone Arrow              Conj/Erth      20%        3d8       22%         3
 Call Imp                 Summ           2%         N/A       26%         2
 Mephitic Cloud           Conj/Pois/Air  2%         N/A       45%         3
 Vampiric Draining        Necr           2%         2d6       45%         3
 Petrify                  Tmut/Erth      12%        N/A       47%         4


Dungeon Overview and Level Annotations

Branches:
Dungeon (2/15)

Altars:


Innate Abilities, Weirdness & Mutations

You cannot wear most types of armour.
You are amphibious.
You can wear up to eight rings at the same time.
Your skin changes colour to match your surroundings (Stealth+).
Your rubbery body absorbs attacks. (AC +1, EV +1)
((You are camouflaged when in or above water. (Stealth+)))
You have tentacles for arms and can constrict up to eight enemies at once.


Message History

You constrict the giant cockroach.
The giant cockroach waves its antennae.
The giant cockroach bites you.
A giant cockroach is nearby!
You hit the giant cockroach but do no damage.
The giant cockroach is severely wounded.
You constrict the giant cockroach.
You kill the giant cockroach!
No target in view!
b - 39 stones (gained 1)
Things that are here:
a +0 short sword; a +0 whip No target in view!
b - 62 stones (gained 23)
You open the door.
There is an open door here.
You open the door.
There is an open door here.
There is an open door here.
There is an open door here.
You open the door.
There is an open door here.
There is an open door here.
You open the door.
There is an open door here.
An iguana comes into view.
An iguana is nearby!
The iguana hisses angrily.
An iguana is nearby!
The iguana closely misses you.
An iguana is nearby!
You hit the iguana. Your grab misses the iguana.
The iguana is lightly wounded.
The iguana bites you!
An iguana is nearby!
You hit the iguana but do no damage. Your grab misses the iguana.
The iguana is lightly wounded.
The iguana bites you!
Ouch! That really hurt!
You die...

#.#.....#..#'#####
#.#.....#..#.#
#.#.....#..#.#
#.#####.####.# #.#
#......# #.#
######## #.# #.#
#@# #l# #.# ..#
###


You could see an iguana.

Vanquished Creatures
  A worm (D:2)
  2 dart slugs
  2 endoplasms (D:1)
  4 giant cockroaches
  6 goblins
  5 hobgoblins
  4 kobolds
  2 quokkas
  3 ball pythons
  3 bats
  6 frilled lizards
  3 rats (D:1)
41 creatures vanquished.

Notes
Turn   | Place    | Note
-------+----------+-------------------------------------------
     0 | D:1      | Atelerd the Octopode Earth Elementalist began the quest for
                  | the Orb.
     0 | D:1      | Reached XP level 1. HP: 11/11 MP: 3/3
   208 | D:1      | Reached XP level 2. HP: 15/17 MP: 5/5
   733 | D:1      | Reached XP level 3. HP: 22/22 MP: 0/6
   795 | D:1      | Reached skill level 4 in Earth Magic
  1590 | D:2      | Slain by an iguana

Illustrated notes

Levels and vault maps discovered:
D:1:      onia_arrival_pentagram, layout_basic, minmay_strange_pillars,
          kennysheep_doodads, minmay_misc_feat_x, roderic_roman_lattice
D:2:      layout_basic, dilly_ecumenical_altar_fadedgnrine, uniq_terence

Skill      XL: |  1  2  3 |
---------------+----------+-----
Earth Magic    | 4 |  4.1
Stealth        | 3 |  3.1
Fighting       | |  0.5
Dodging        | |  2.0
Spellcasting   | |  2.2
Transmutations | |  1.2

Action                   || total
-------------------------++-------
Melee: Hand axe          ||     5
       Constrict         ||    18
       Tentacles         ||    13
       Dagger            ||    72
       Unarmed           ||     2
       Punch             ||     4
 Cast: Sandblast         ||    11
 Stab: Sleeping          ||    12
Armor: Skin              ||     8
Dodge: Dodged            ||    42
